 Dungeon Crawl Stone Soup version 0.30-a0-1016-gfb0d676c02 (webtiles) character file.

Game seed: 43037016400819917

31 qeuew the Trooper (level 3, -4/33 HPs)
             Began as a Hill Orc Fighter on Apr 6, 2023.
             Slain by Sigmund
             ... wielding a +0 scythe
              (5 damage)
             ... on level 2 of the Dungeon.
             The game lasted 00:01:03 (854 turns).

qeuew the Trooper (Hill Orc Fighter)                 Turns: 854, Time: 00:01:03

Health: -4/33      AC:  6    Str: 18    XL:     3   Next: 22%
Magic:  3/3        EV:  9    Int:  8    God:
Gold:   73         SH:  0    Dex: 12    Spells: 2/2 levels left

rFire   . . .      SeeInvis .    a - +0 war axe (venom)
rCold   . . .      Faith    .    c - +0 buckler
rNeg    . . .      Spirit   .    b - +0 scale mail
rPois   .          Reflect  .    (no helmet)
rElec   .          Rampage  .    (no cloak)
rCorr   .                        (no gloves)
Will    .....                    (no boots) Stlth
                                 (no amulet)
HPRegen 0.25/turn                (no ring)
MPRegen 0.08/turn                (no ring)

@: confused, mighty
A: no striking features
a: no special abilities


You were on level 2 of the Dungeon.
You visited 1 branch of the dungeon, and saw 2 of its levels.

You collected 73 gold pieces.

Inventory:

Hand Weapons
 a - a +0 war axe of venom (weapon)
Armour
 b - a +0 scale mail (worn)
 c - a +0 buckler (worn)
Scrolls
 h - 2 scrolls of brand weapon
Potions
 d - a potion of might


   Skills:
 * Level 4.0 Fighting
 * Level 3.3 Axes
 * Level 3.6 Armour
 + Level 0.3 Dodging
 * Level 3.6 Shields


You had 2 spell levels left.
You didn't know any spells.
Your spell library was empty.

Dungeon Overview and Level Annotations

Branches:
Dungeon (2/15)

Altars:

Annotations:
D:2 Sigmund


Message History

Increase (S)trength, (I)ntelligence, or (D)exterity?
You feel agile. x2
HP restored.
You see here an adder corpse.
Sigmund the Dreaded comes into view.
He is wielding a +0 scythe.
Sigmund drinks a potion.
Sigmund flickers and vanishes!
Deactivating autopickup; reactivate with Ctrl-A.
No target in view!
There is a strange disturbance nearby!
No target in view!
There is a strange disturbance nearby!
No target in view!
No target in view!
Found a book of Changes.
You hear some strange, mumbled words.
You are confused.
You hear some strange, mumbled words.
You are more confused.
Something completely misses you. Something hits you. Something hits you.
You hear some strange, mumbled words.
You are more confused.
Something hits you! Something hits you. Something hits you but does no damage.
You hear some strange, mumbled words.
You are more confused.
Something hits you.
A magic dart appears from out of thin air!
The magic dart hits you but does no damage.
You bump into the rock wall.
Something hits you!
* * * LOW HITPOINT WARNING * * *
Something hits you.
* * * LOW HITPOINT WARNING * * *
You feel very mighty all of a sudden. Something hits you.
* * * LOW HITPOINT WARNING * * *
Something hits you.
You die...

###.#
##...#
#.(###
###.##
#...# #†###
#########.#
#.........#
#.{.@....##
#.......##
#:......#
#####+###


There were no monsters in sight!

Vanquished Creatures
  An adder (D:2)
  2 endoplasms (D:1)
  2 giant cockroaches (D:1)
  3 goblins (D:1)
  4 hobgoblins (D:1)
  A ball python (D:1)
  A bat (D:1)
  A frilled lizard (D:1)
  3 kobolds (D:1)
  2 rats (D:1)
20 creatures vanquished.

Notes
Turn   | Place    | Note
-------+----------+-------------------------------------------
     0 | D:1      | qeuew the Hill Orc Fighter began the quest for the Orb.
     0 | D:1      | Reached XP level 1. HP: 19/19 MP: 1/1
   138 | D:1      | Reached XP level 2. HP: 27/27 MP: 2/2
   774 | D:2      | Found a faded altar of an unknown god.
   826 | D:2      | Reached skill level 4 in Fighting
   826 | D:2      | Reached XP level 3. HP: 32/33 MP: 3/3
   830 | D:2      | Noticed Sigmund
   853 | D:2      | HP: 1/33 [something (2)]
   854 | D:2      | Slain by Sigmund

Illustrated notes

Levels and vault maps discovered:
D:1:      wander_arrival_chamber, layout_loops_cross, minmay_misc_feat_enclosed
D:2:      layout_basic, basic_ecumenical_altar, mrwooster_statue_mirror,
          minmay_door_square, uniq_sigmund, uniq_crazy_yiuf_cottage,
          uniq_terence

Skill      XL: |  1  2 |
---------------+-------+-----
Axes           | 3 |  3.3
Fighting       | 4 |  4.0
Armour         | |  3.6
Dodging        | |  0.3
Shields        | |  3.6

Action                     || total
---------------------------++-------
  Melee: War axe           ||    61
    Use: Potion            ||     4
         Scroll            ||     1
 Armour: Scale mail        ||    29
  Dodge: Dodged            ||    23
  Block: Buckler           ||    17

Table legend: (Time is in decaauts)
 A = Elapsed time spent in this place.
 B = Non-inter-level travel time spent in this place.
 C = Inter-level travel time spent in this place.
 D = Time resting spent in this place.
 E = Time spent auto-exploring this place.
 F = Levels seen in this place.
 G = Mean time per level.
                   A        B        C        D        E       F      G
               +--------+--------+--------+--------+--------+-----+--------+
         Total |    860 |    850 |     10 |      0 |    669 |   2 |  430.0 |
       Dungeon |    860 |    850 |     10 |      0 |    669 |   2 |  430.0 |
               +--------+--------+--------+--------+--------+-----+--------+

Top non-repeatable levels by time:
     D:1: 782 daAuts
     D:2: 78 daAuts
